 Dungeon Crawl Stone Soup version 0.18.1-5-g4a78601 (webtiles) character file.

593 namelastname112 the Sneak (level 7, 44/58 HPs)
             Began as a Mottled Draconian Assassin on May 11, 2016.
             Was an Initiate of Gozag.
             Quit the game on level 5 of the Dungeon.
             The game lasted 00:04:53 (3638 turns).

namelastname112 the Sneak (DrAs)                    Turns: 3638, Time: 00:04:54

Health: 44/58      AC:  8    Str: 16    XL:     7   Next: 16%
Magic:  16/16      EV: 13    Int:  9    God:    Gozag
Gold:   356        SH:  0    Dex: 17    Spells: 0 memorised, 6 levels left

rFire  . . .     SeeInvis .     m - +1 short sword (venom)
rCold  . . .     Gourm    .     (armour unavailable)
rNeg   . . .     Faith    .     (no shield)
rPois  .         Spirit   .     (helmet restricted)
rElec  .         Dismiss  .     c - +0 cloak
rCorr  .         Reflect  .     w - +0 pair of gloves
SustAt .         Harm     .     (no boots)
MR     .....     Clarity  +     (no amulet)
Stlth  +++.......               x - +3 ring of strength
                                o - ring of magical power

@: gold aura, not resistant to hostile enchantments, fairly stealthy
A: breathe sticky flame splash, unfitting armour, clarity, cold-blooded, AC +6
a: Breathe Sticky Flame, Potion Petition, Call Merchant, Bribe Branch, Renounce
Religion


You were on level 5 of the Dungeon.
You worshipped Gozag.
Gozag was noncommittal.
You were near starving.

You visited 2 branches of the dungeon, and saw 6 of its levels.

You collected 434 gold pieces.
You paid 78 gold pieces to Gozag.

Inventory:

Hand Weapons
 b - a +0 blowgun
 m - a +1 short sword of venom (weapon)
Missiles
 d - 31 poisoned needles
 e - 2 curare-tipped needles
Armour
 c - a +0 cloak (worn)
 w - a +0 pair of gloves (worn)
Jewellery
 o - a ring of magical power (left hand)
 x - a +3 ring of strength (right hand)
Scrolls
 a - 2 scrolls of noise {unknown}
 g - 4 scrolls of identify {unknown}
 k - a scroll of teleportation {unknown}
 s - a scroll of enchant weapon {unknown}
 y - a scroll of remove curse {unknown}
 z - a scroll of blinking {unknown}
 A - 2 scrolls of amnesia {unknown}
Potions
 h - 3 potions of mutation {unknown}
 i - 2 potions of might {unknown}
 n - 2 potions of degeneration {unknown}
 p - a potion of cure mutation {unknown}
 q - 3 potions of curing {unknown}
 r - 2 potions of magic {unknown}
 u - a potion of haste {unknown}
Comestibles
 f - 7 bread rations
 j - 2 meat rations
 t - 7 fruits


   Skills:
 + Level 3.9 Fighting
 * Level 4.2 Short Blades
 + Level 3.1 Throwing
 + Level 2.8 Dodging
 * Level 5.5 Stealth


You had 6 spell levels left.
You didn't know any spells.

Dungeon Overview and Level Annotations

Branches:
Dungeon (5/15)             Temple (1/1) D:4

Altars:
Ashenzari
Cheibriados
Dithmenos
Elyvilon
Fedhas
Gozag
Kikubaaqudgha
Makhleb
Nemelex Xobeh
Okawaru
Qazlal
Ru
Sif Muna
Trog
Vehumet
Zin
The Shining One

Annotations:
D:3 no0bjke's ghost, amateur MiFi


Innate Abilities, Weirdness & Mutations

You can spit globs of burning liquid.
You can ignite nearby creatures when you spit burning liquid.
Your weird mottled scales are hard (AC +6).
Your body does not fit into most forms of armour.
You are cold-blooded and may be slowed by cold attacks.
You possess an exceptional clarity of mind.


Message History

The sky beast hits you but does no damage.
You hit the sky beast but do no damage. You tail-slap the sky beast.
The sky beast is heavily wounded.
The sky beast completely misses you.
You closely miss the sky beast.
The sky beast is heavily wounded.
The sky beast closely misses you.
You closely miss the sky beast.
The sky beast is severely wounded.
The sky beast hits you but does no damage.
You hit the sky beast.
You kill the sky beast!
You have reached level 7!
Your scales start taking on a weird mottled colour.
You learn Fire Magic quicker.
You can spit globs of burning liquid.
You can ignite nearby creatures when you spit burning liquid.
You regained 5 hp, and now have 44/58 hp.
MP restored: 16 You now have 356 gold pieces (gained 23).
Are you sure you want to abandon this character and quit the game? (Confirm with "yes".)

##### ###########
#####._.# #....>....#
#..##...8 #.)..@....#
#..#8...#
#.........####...##.##
#.........'..'...#..#.
#.........####....⌠...
#.........##...##...#.
#.........##...##.#.##
#.........##...###...#
#.........##...# #...8
#.......####...# 8._.#


There were no monsters in sight!

Vanquished Creatures
  A sky beast (D:5)
  An ogre (D:4)
  A big kobold (D:4)
  A scorpion (D:4)
  A water moccasin skeleton (D:4)
  A giant frog skeleton (D:5)
  An orc wizard (D:4)
  Ijyb (D:3)
  3 worker ants
  6 gnolls (D:4)
  3 adders
  An ooze (D:4)
  An adder skeleton (D:4)
  A worm (D:3)
  2 dart slugs
  3 giant geckos
  8 orcs
  A ball python (D:4)
  9 bats
  4 giant cockroaches
  6 goblins
  4 hobgoblins
  A jackal (D:1)
  4 giant newts
  6 kobolds
  7 rats
78 creatures vanquished.

Notes
Turn   | Place    | Note
--------------------------------------------------------------
     0 | D:1      | namelastname112 the Draconian Assassin began the quest for the Orb.
     0 | D:1      | Reached XP level 1. HP: 17/17 MP: 1/1
    90 | D:1      | Reached XP level 2. HP: 19/25 MP: 2/2
   148 | D:1      | Reached skill level 4 in Stealth
   359 | D:1      | Reached skill level 1 in Dodging
   642 | D:2      | Found a bloodstained altar of Trog.
   669 | D:2      | Reached XP level 3. HP: 25/30 MP: 3/3
  1268 | D:3      | Noticed no0bjke's ghost (amateur MiFi)
  1289 | D:2      | Reached XP level 4. HP: 23/37 MP: 4/4
  1450 | D:3      | Noticed Ijyb
  1466 | D:3      | Killed Ijyb
  1715 | D:3      | Found a shadowy altar of Dithmenos.
  1946 | D:4      | Reached XP level 5. HP: 43/45 MP: 5/5
  1994 | D:4      | Found a staircase to the Ecumenical Temple.
  2015 | D:4      | Noticed an ogre
  2025 | D:4      | Killed an ogre
  2025 | D:4      | Reached skill level 5 in Stealth
  2043 | Temple   | Entered the Ecumenical Temple
  2131 | Temple   | Became a worshipper of Gozag Ym Sagoz the Greedy
  2467 | D:4      | Reached XP level 6. HP: 37/51 MP: 6/6
  2974 | D:4      | Found a glowing golden altar of the Shining One.
  2985 | D:4      | Found a blossoming altar of Fedhas.
  2997 | D:4      | Found a shadowy altar of Dithmenos.
  2998 | D:4      | Found a burning altar of Makhleb.
  3000 | D:4      | Found a sacrificial altar of Ru.
  3070 | D:4      | Found a sparkling altar of Nemelex Xobeh.
  3088 | D:4      | Drew Focus: Dex increased to 15, Int decreased to 11
  3089 | D:4      | Gained mutation: You possess an exceptional clarity of mind. [helix card]
  3091 | D:4      | Lost mutation: You possess an exceptional clarity of mind. [helix card]
  3091 | D:4      | Gained mutation: You possess an exceptional clarity of mind. [helix card]
  3092 | D:4      | Drew Focus: Dex increased to 16, Int decreased to 10
  3096 | D:4      | Drew Focus: Dex increased to 17, Int decreased to 9
  3278 | D:4      | Noticed Bogucuew
  3341 | D:5      | Entered Level 5 of the Dungeon
  3404 | D:5      | Found an ancient bone altar of Kikubaaqudgha.
  3405 | D:5      | Found a radiant altar of Vehumet.
  3406 | D:5      | Found a deep blue altar of Sif Muna.
  3413 | D:5      | Identified Sif Muna's Papyrus of Enchantment
  3564 | D:5      | Noticed a sky beast
  3635 | D:5      | Killed a sky beast
  3635 | D:5      | Your scales start taking on a weird mottled colour.
  3635 | D:5      | Reached XP level 7. HP: 43/58 MP: 7/7
  3638 | D:5      | namelastname112: no
  3638 | D:5      | Quit the game

Skill      XL: |  1  2  3  4  5  6 |
---------------+-------------------+-----
Stealth        | 4 5 |  5.5
Dodging        | 1 2 |  2.8
Throwing       | 2 3 |  3.1
Fighting       | 3 |  3.9
Short Blades   | 3 4 |  4.2

Action                   |  1- 3 |  4- 6 |  7- 9 || total
-------------------------+-------+-------+-------++-------
Melee: Dagger            |    78 |       |       ||    78
       Tailslap          |    17 |    25 |       ||    42
       Short sword       |    46 |   140 |       ||   186
Evoke: Deck              |       |    12 |       ||    12
 Stab: Sleeping          |     4 |     3 |       ||     7
       Distracted        |     1 |       |       ||     1
  Eat: Chunk             |     1 |     3 |       ||     4
       Pizza             |       |     1 |       ||     1
       Beef jerky        |       |     1 |       ||     1
Armor: Skin              |    56 |    53 |       ||   109
Dodge: Dodged            |    70 |    75 |       ||   145
